 Dungeon Crawl Stone Soup version 0.30-a0-782-ge64f9170bb (webtiles) character file.

Game seed: 10186371068924872329

3390 senseless the Cleaver (level 9, -18/81 HPs)
             Began as a Minotaur Fighter on Mar 16, 2023.
             Was an Elder of Okawaru.
             Demolished by a very large slime creature (43 damage)
             ... on level 7 of the Dungeon.
             The game lasted 00:17:51 (6638 turns).

senseless the Cleaver (Minotaur Fighter)            Turns: 6638, Time: 00:17:52

Health: -18/81     AC: 22    Str: 23    XL:     9   Next: 74%
Magic:  8/8        EV:  3    Int:  8    God:    Okawaru [****..]
Gold:   595        SH: 13    Dex: 15    Spells: 8/8 levels left

rFire   . . .      SeeInvis .    s - +5 hand axe
rCold   . . .      Faith    +    m - +2 kite shield
rNeg    . . .      Spirit   .    d - +0 crystal plate armour
rPois   .          Reflect  .    (helmet restricted)
rElec   .          Harm     .    (no cloak)
rCorr   .          Rampage  .    (no gloves)
Will    +....                    r - +2 pair of boots Stlth
                                 D - amulet of faith
HPRegen 0.33/turn                n - ring of willpower
MPRegen 0.11/turn                y - ring of flight

@: flying
A: horns 2, retaliatory headbutt, thin skeletal structure 1, agile 1, clever 1
a: Renounce Religion, Heroism, Finesse


You were on level 7 of the Dungeon.
You worshipped Okawaru.
Okawaru was greatly pleased with you.
You visited 2 branches of the dungeon, and saw 8 of its levels.

You collected 595 gold pieces.

Inventory:

Hand Weapons
 a - a +0 war axe
 s - a +5 hand axe (weapon)
 C - a +5 long sword
Missiles
 b - a throwing net
 u - 9 boomerangs (quivered)
Armour
 d - a +0 crystal plate armour (worn)
 m - a +2 kite shield (worn)
 r - a +2 pair of boots (worn)
Jewellery
 n - a ring of willpower (left hand)
 y - a ring of flight (right hand)
 D - an amulet of faith (around neck)
Wands
 e - a wand of roots (7)
 A - a wand of polymorph (10)
Scrolls
 g - a scroll of teleportation
 o - a scroll of magic mapping
Potions
 c - a potion of ambrosia {unknown}
 h - 3 potions of mutation
 i - 6 potions of curing
 k - a potion of lignification {unknown}
 l - a potion of heal wounds
 p - a potion of attraction {unknown}
 v - 2 potions of haste
 x - 2 potions of flight
 z - a potion of magic {unknown}


   Skills:
 + Level 8.2 Fighting
 * Level 10.9 Axes
 + Level 8.3 Armour
 + Level 8.3 Shields


You had 8 spell levels left.
You didn't know any spells.
Your spell library contained the following spells:

 Spells                   Type           Power      Damage    Failure   Level
 Foxfire                  Conj/Fire      0%         2x1d4     100%        1
 Magic Dart               Conj           0%         1d3       100%        1
 Searing Ray              Conj           0%         2d4       100%        2
 Fulminant Prism          Conj/Hex       0%         3d5       100%        4
 Fireball                 Conj/Fire      0%         3d3       100%        5
 Starburst                Conj/Fire      0%         6d3       100%        6


Dungeon Overview and Level Annotations

Branches:
Dungeon (7/15)             Temple (1/1) D:4

Altars:
Dithmenos
Elyvilon
Hepliaklqana
Kikubaaqudgha
Okawaru
Qazlal
Ru
Sif Muna
Uskayaw
Vehumet
Wu Jian
Xom
The Shining One

Shops:
D:5 (

Annotations:
D:5 3 runed translucent doors, UltraNumeron's ghost, novice DsBe


Innate Abilities, Weirdness & Mutations

You have a pair of horns on your head.
You reflexively headbutt those who attack you in melee.
You have a somewhat thin skeletal structure. (Dex +2, Stealth+)
You are agile. (Dex +4, Str/Int -1)
Your mind is acute. (Int +4, Str/Dex -1)


Message History

The slime creature hits you.
You hit the slime creature.
The slime creature is heavily wounded.
You completely miss the slime creature. The slime creature hits you!
Two slime creatures merge to form a large slime creature.
The slime creature hits you but does no damage.
You barely miss the slime creature. You headbutt the slime creature.
The slime creature is severely wounded.
You hit the large slime creature.
The slime creature completely misses you.
You furiously retaliate!
You headbutt the slime creature! You hit the slime creature.
Your headbutt misses the slime creature.
The slime creature is almost dead.
You barely miss the large slime creature.
The large slime creature hits you!!
The slime creature hits you but does no damage.
You are too injured to fight recklessly!
You are too injured to fight recklessly!
You are too injured to fight recklessly!
You are too injured to fight recklessly!
You are too injured to fight recklessly!
You are too injured to fight recklessly!
You hit the slime creature.
The slime creature is almost dead.
You hit the large slime creature.
The large slime creature hits you but does no damage.
Two slime creatures merge to form a very large slime creature.
The slime creature hits you!
You barely miss the slime creature.
The slime creature is almost dead.
You slash the very large slime creature!
The very large slime creature attacks as you move away!
The very large slime creature hits you but does no damage.
The slime creature attacks as you move away!
The slime creature hits you but does no damage.
The very large slime creature attacks as you move away!
The very large slime creature hits you!!!
Ouch! That really hurt!
You die...

,,* ##.#
#.....#)).....#.## ,**
#..# #.....'..._...'.#
** #..#
#.....#.......### #..##
#.....#.......# #...##
###...##.....## ##...###
##.#####'### *
#.....#####...# #..# ***
#...[.....J...###.##
,,***#...<.....J@..##..#
*,,,#..###....####.##.##
**#...## ##..## #....#
*#..#* #..#* #..###
#..#* ##..# #..## #.,*
*..# ##..## #,,** *,.#
##..## **,,** #######
##..## **,,*###....)###
##..##


You could see a very large slime creature and a slime creature.

Vanquished Creatures
  Pikel (D:6)
  Grinder (D:5)
  Eustachio (D:5)
  Sigmund (D:2)
  3 water moccasins (D:7)
  An ice beast (D:7)
  A black bear (D:7)
  3 phantoms (D:5)
  A kobold brigand (D:7)
  A necrophage (D:5)
  2 gnoll sergeants (D:7)
  6 scorpions
  3 wights (D:6)
  2 howler monkeys (D:7)
  6 hounds
  A gnoll bouda (D:5)
  An orc priest (D:7)
  2 jellies (D:5)
  3 iguanas (D:6)
  Ijyb (D:5)
  6 orc wizards
  17 gnolls
  10 adders
  4 shadow imps
  2 white imps
  An ufetubus (D:5)
  2 worms
  2 dart slugs
  24 orcs
  4 endoplasms
  3 giant cockroaches
  3 goblins
  4 hobgoblins
  3 jackals (D:4)
  5 quokkas
  4 ball pythons
  4 bats
  2 frilled lizards
  10 kobolds
  3 rats
154 creatures vanquished.

Notes
Turn   | Place    | Note
-------+----------+-------------------------------------------
     0 | D:1      | senseless the Minotaur Fighter began the quest for the Orb.
     0 | D:1      | Reached XP level 1. HP: 19/19 MP: 0/0
   166 | D:1      | Reached XP level 2. HP: 27/27 MP: 1/1
   808 | D:2      | Reached skill level 3 in Axes
  1153 | D:2      | Reached XP level 3. HP: 33/33 MP: 2/2
  1192 | D:2      | Noticed Sigmund
  1200 | D:2      | Killed Sigmund
  1201 | D:2      | Reached skill level 4 in Axes
  1201 | D:2      | Reached XP level 4. HP: 34/41 MP: 3/3
  1201 | D:2      | Reached XP level 5. HP: 39/47 MP: 4/4
  1404 | D:3      | Found a stormy altar of Qazlal.
  2150 | D:4      | Found a large runed translucent door.
  2151 | D:4      | Found a large runed translucent door.
  2182 | D:4      | Found a staircase to the Ecumenical Temple.
  2197 | D:4      | Reached skill level 5 in Axes
  2203 | Temple   | Entered the Ecumenical Temple
  2267 | Temple   | Became a worshipper of Warmaster Okawaru
  2380 | D:4      | Reached XP level 6. HP: 41/55 MP: 5/5
  2457 | D:4      | Reached skill level 5 in Fighting
  2457 | D:4      | Reached skill level 5 in Armour
  2457 | D:4      | Reached skill level 5 in Shields
  2563 | D:4      | Found a shimmering altar of Xom.
  3099 | D:4      | Reached * piety under Okawaru
  3404 | D:4      | Found a shimmering blue altar of Sif Muna.
  3411 | D:4      | Found a hazy altar of Hepliaklqana.
  3451 | D:5      | Entered Level 5 of the Dungeon
  3452 | D:5      | Noticed Grinder
  3462 | D:5      | Reached skill level 6 in Axes
  3468 | D:5      | Killed Grinder
  3469 | D:5      | Reached XP level 7. HP: 61/61 MP: 6/6
  3508 | D:5      | Found a hide-covered altar of Uskayaw.
  3518 | D:5      | Noticed Eustachio
  3538 | D:5      | Killed Eustachio
  3538 | D:5      | Reached ** piety under Okawaru
  3539 | D:5      | Reached skill level 7 in Axes
  3634 | D:5      | Found a runed translucent gate.
  3634 | D:5      | Noticed UltraNumeron's ghost (novice DsBe)
  3635 | D:5      | Found a runed translucent gate.
  3636 | D:5      | Found a runed translucent gate.
  3650 | D:5      | Found a sacrificial altar of Ru.
  3716 | D:5      | Reached XP level 8. HP: 63/70 MP: 7/7
  3813 | D:5      | Noticed Ijyb
  3835 | D:5      | Killed Ijyb
  3934 | D:5      | Found Wofruir's Weapon Emporium.
  4093 | D:5      | Reached skill level 8 in Axes
  4718 | D:6      | Reached *** piety under Okawaru
  4933 | D:6      | Found an ancient bone altar of Kikubaaqudgha.
  5087 | D:6      | Reached skill level 9 in Axes
  5549 | D:7      | Noticed Pikel
  5560 | D:6      | Killed Pikel
  5561 | D:6      | Reached XP level 9. HP: 68/79 MP: 8/8
  5635 | D:7      | Identified a scroll of acquirement
  5635 | D:7      | Acquired a +0 crystal plate armour
  5654 | D:7      | Gained mutation: You are agile. (Dex +4, Str/Int -1)
                  | [potion of mutation]
  5654 | D:7      | Gained mutation: Your mind is acute. (Int +4, Str/Dex -1)
                  | [potion of mutation]
  5654 | D:7      | Gained mutation: You have a somewhat thin skeletal
                  | structure. (Dex +2, Stealth+) [potion of mutation]
  5723 | D:7      | Found a radiant altar of Vehumet.
  5756 | D:7      | Reached **** piety under Okawaru
  5903 | D:7      | Reached skill level 10 in Axes
  6207 | D:7      | Found a shadowy altar of Dithmenos.
  6638 | D:7      | Demolished by a very large slime creature

Illustrated notes

Levels and vault maps discovered:
D:1:      mrwooster_arrival_statue, layout_loops_ring, due_unseen_surprise
D:2:      layout_basic, eino_tiny_chamber, grunt_decor_fettered, uniq_sigmund
D:3:      layout_basic, mainiacjoe_overflow_chevrons
D:4:      layout_basic, tgw_xom, jmf_multi_god_temple2,
          minmay_temple_entry_slanted, chequers_serial_rivers_large_a
D:5:      layout_basic, lemuel_crystal_altar, nicolae_overflow_crystal_walls,
          serial_shops, nicolae_shop_statue_plus, biasface_ghost_orc_armoury,
          st_stairs_2, kennysheep_nondescript, uniq_grinder, uniq_eustachio,
          uniq_ijyb
D:6:      layout_loops_cross, amcnicky_altar_gilded
D:7:      layout_layer_cave, nicolae_dithmenos_the_darkroom,
          nicolae_vehumet_altar_sigil, grunt_potential, uniq_pikel
Temple:   hellmonk_temple_flake

Skill      XL: |  1  2  3  4  5  6  7  8  9 |
---------------+----------------------------+-----
Axes           | 3 4 5 6 7 9 10 | 10.9
Fighting       | 4 5 6 7 8 |  8.2
Armour         | 4 5 6 7 8 |  8.3
Shields        | 4 5 6 7 8 |  8.3

Action                     |  1- 3 |  4- 6 |  7- 9 || total
---------------------------+-------+-------+-------++-------
  Melee: War axe           |    49 |    97 |   132 ||   278
         Headbutt          |     4 |    12 |    48 ||    64
         Hand axe          |       |       |   172 ||   172
  Throw: Boomerang         |       |       |     5 ||     5
 Invoke: Heroism           |       |       |     2 ||     2
    Use: Potion            |     2 |       |     2 ||     4
         Scroll            |       |       |    17 ||    17
 Armour: Scale mail        |    12 |     6 |       ||    18
         Chain mail        |       |    53 |    68 ||   121
         Skin              |       |       |     9 ||     9
         Crystal plate arm |       |       |   102 ||   102
  Dodge: Dodged            |    24 |    31 |    57 ||   112
  Block: Buckler           |    12 |    27 |    62 ||   101
         Kite shield       |       |       |    33 ||    33

Table legend: (Time is in decaauts)
 A = Elapsed time spent in this place.
 B = Non-inter-level travel time spent in this place.
 C = Inter-level travel time spent in this place.
 D = Time resting spent in this place.
 E = Time spent auto-exploring this place.
 F = Levels seen in this place.
 G = Mean time per level.
                   A        B        C        D        E       F      G
               +--------+--------+--------+--------+--------+-----+--------+
         Total |   6693 |   6334 |    359 |    314 |   4870 |   8 |  836.6 |
       Dungeon |   6617 |   6275 |    342 |    314 |   4817 |   7 |  945.3 |
        Temple |     75 |     58 |     17 |      0 |     53 |   1 |   75.0 |
               +--------+--------+--------+--------+--------+-----+--------+

Top non-repeatable levels by time:
     D:4: 1362 daAuts
     D:5: 1274 daAuts
     D:6: 1048 daAuts
     D:7: 868 daAuts
     D:1: 707 daAuts
     D:2: 678 daAuts
     D:3: 676 daAuts
  Temple: 75 daAuts
